 Dungeon Crawl Stone Soup version 0.29.1-15-g9cfb28693d (webtiles) character file.

Game seed: 11900881750295898558

697 cowcol the Chopper (level 7, -9/90 (91) HPs)
             Began as a Minotaur Fighter on Feb 22, 2023.
             Killed by divine providence
             ... invoked by an orc priest
              (13 damage)
             ... on level 6 of the Dungeon.
             The game lasted 00:08:37 (4851 turns).

cowcol the Chopper (Minotaur Fighter)               Turns: 4851, Time: 00:08:38

HP:   -9/90 (91)    AC: 23    Str: 20    XL:     7   Next: 37%
MP:   6/6           EV:  2    Int:  5    God:
Gold: 274           SH:  5    Dex: 18    Spells: 6/6 levels left

rFire   . . .      SeeInvis +   a - +0 war axe
rCold   . . .      Faith    +   c - +0 buckler
rNeg    . . .      Spirit   .   (body armour currently unavailable)
rPois   +          Reflect  .   (helmet currently unavailable)
rElec   .          Harm     .   (cloak currently unavailable)
rCorr   .          Rampage  .   (gloves currently unavailable)
Will    .....      NoTele   +   (boots currently unavailable)
Stlth   ++........              q - amulet of faith
HPRegen 0.25/turn               f - ring "Erphos" {rPois Dex+6 SInv}
MPRegen 0.10/turn               (no ring)

@: mighty, tree-form, lightly drained
A: stationary, stasis, torment immunity, boosted hp, (horns 2), (retaliatory
headbutt)
a: no special abilities


You were on level 6 of the Dungeon.
You were a tree.
You visited 1 branch of the dungeon, and saw 6 of its levels.

You collected 274 gold pieces.

Inventory:

Hand Weapons
 a - a +0 war axe (weapon)
Missiles
 m - 11 poisoned darts (quivered)
Armour
 b - a +0 scale mail
 c - a +0 buckler (worn)
 u - a +0 chain mail (melded)
 v - a +0 plate armour
 z - a +0 pair of gloves (melded)
Jewellery
 f - the ring "Erphos" (left branch) {rPois Dex+6 SInv}
   (You found it on level 4 of the Dungeon)

   [ring of dexterity]

   Dex:       It affects your dexterity (+6).
   rPois:     It protects you from poison.
   SInv:      It lets you see invisible.
 q - an amulet of faith (around neck)
 A - a ring of fire
Wands
 w - a wand of mindburst (6)
 x - a wand of paralysis (8)
Scrolls
 e - 3 scrolls of teleportation
 h - a scroll of brand weapon {unknown}
 i - a scroll of amnesia
 j - a scroll of fear {unknown}
 l - a scroll of immolation
 n - 2 scrolls of noise {unknown}
 s - a scroll of enchant weapon {unknown}
 t - 4 scrolls of identify
 y - a scroll of enchant armour {unknown}
Potions
 g - 2 potions of curing {unknown}
 k - a potion of cancellation {unknown}
 o - a potion of experience {unknown}
 p - a potion of lignification
 r - a potion of heal wounds {unknown}


   Skills:
 + Level 5.6 Fighting
 + Level 6.9 Axes
 + Level 6.0 Armour
 - Level 0.9 Dodging
 - Level 0.8 Stealth
 - Level 4.2 Shields


You had 6 spell levels left.
You didn't know any spells.
Your spell library contained the following spells:

 Spells                   Type           Power      Damage    Failure   Level
 Magic Dart               Conj           0%         1d3       56%         1
 Call Imp                 Summ           0%         N/A       71%         2
 Mephitic Cloud           Conj/Pois/Air  0%         N/A       90%         3


Dungeon Overview and Level Annotations

Branches:
Dungeon (6/15)
 Temple: D:4-7

Altars:
Cheibriados
Dithmenos
Kikubaaqudgha
Wu Jian
The Shining One


Innate Abilities, Weirdness & Mutations

You are a tree.
Your roots penetrate the ground, keeping you stationary.
You cannot be teleported.
You are immune to unholy pain and torment.
Your maximum health is greatly increased.
Your equipment is partially melded.
((You have a pair of horns on your head.))
((You reflexively headbutt those who attack you in melee.))


Message History

The orc warrior is almost dead.
The orc warrior hits you with a +0 glaive!
* * * LOW HITPOINT WARNING * * *
You hit the orc warrior.
You kill the orc warrior!
The orc priest invokes the aid of Beogh against you.
Beogh smites you!
* * * LOW HITPOINT WARNING * * *
You closely miss the orc wizard.
The orc priest miscasts a cantrip.
You block the orc wizard's attack.
You closely miss the orc wizard. Your headbutt misses the orc wizard.
The orc wizard casts a spell at you.
The magic dart hits the orc wizard!
The orc wizard hits you with a +0 dagger.
* * * LOW HITPOINT WARNING * * *
You slash the orc wizard!
You kill the orc wizard!
The orc wizard hits you but does no damage.
You hit the orc wizard.
The orc wizard is lightly wounded.
The orc wizard hits you but does no damage.
The orc priest looks encouraged for a moment.
You slash the orc wizard! You headbutt the orc wizard.
You kill the orc wizard!
Your Armour skill increases to level 6!
Okay, then.
It was a potion of lignification.
You turn into a tree.
Your +0 pair of gloves melds into your body.
Your +0 chain mail melds into your body.
Your roots penetrate the ground.
You block the orc's attack.
You slash the orc!
You kill the orc!
You barely miss the orc. The orc hits you but does no damage.
You slice the orc!!
You kill the orc!
You closely miss the orc priest.
The orc priest calls down the wrath of Beogh upon you.
Beogh smites you!
You die...

.....o. <....o #.... ....
##### #.. #...# #.# #.#.#
#.# #.#.# #o# #.#.# #♣#
....# #.#.#####.# ....#
#.#.....#.# ....#
#.#####.#.### ....#
#.#####.#...# ....#
#....##.###.# ....#
####.##.#...# ###
....####....##.##'##....#
.......#.#####..........#


You could see an orc priest.

Vanquished Creatures
  An orc warrior (D:6)
  2 black bears
  2 scorpions (D:5)
  2 hounds (D:5)
  An iguana (D:5)
  3 orc wizards (D:6)
  6 gnolls
  2 adders
  2 dart slugs
  3 orcs
  3 ball pythons (D:1)
  6 bats
  3 endoplasms
  2 giant cockroaches (D:2)
  4 goblins
  10 hobgoblins
  4 jackals (D:1)
  5 quokkas
  A frilled lizard (D:2)
  A kobold (D:1)
  5 rats
  A spectral hobgoblin (D:1)
  A bush (D:2)
70 creatures vanquished.

Vanquished Creatures (others)
  18 plants
18 creatures vanquished.

Grand Total: 88 creatures vanquished

Notes
Turn   | Place    | Note
-------+----------+-------------------------------------------
     0 | D:1      | cowcol the Minotaur Fighter began the quest for the Orb.
     0 | D:1      | Reached XP level 1. HP: 19/19 MP: 0/0
   130 | D:1      | Found a faded altar of an unknown god.
   172 | D:1      | Reached XP level 2. HP: 24/27 MP: 1/1
   950 | D:2      | Reached XP level 3. HP: 33/33 MP: 2/2
  1089 | D:2      | Found an ornate altar of the Wu Jian Council.
  2172 | D:3      | Reached XP level 4. HP: 33/40 MP: 3/3
  2234 | D:3      | Found a shadowy altar of Dithmenos.
  3018 | D:4      | Found a glowing golden altar of the Shining One.
  3181 | D:4      | Identified the ring "Erphos" {rPois Dex+6 SInv}
  3210 | D:4      | Found a snail-covered altar of Cheibriados.
  3282 | D:4      | Noticed a black bear
  3288 | D:4      | Killed a black bear
  3289 | D:4      | Reached XP level 5. HP: 36/47 MP: 4/4
  3537 | D:5      | Entered Level 5 of the Dungeon
  3547 | D:5      | Reached skill level 5 in Axes
  3624 | D:5      | Reached XP level 6. HP: 51/55 MP: 5/5
  3660 | D:5      | Reached skill level 5 in Fighting
  3660 | D:5      | Reached skill level 5 in Armour
  3853 | D:5      | Found an ancient bone altar of Kikubaaqudgha.
  4485 | D:6      | Reached XP level 7. HP: 47/61 MP: 6/6
  4843 | D:6      | HP: 1/59 [orc wizard/+0 dagger (3)]
  4851 | D:6      | Killed from afar by an orc priest

Illustrated notes

Levels and vault maps discovered:
D:1:      roderic_crop_circles_arrival_small, layout_loops_ring,
          dreamdust_ecumenical_altar_drowned_temple, kennysheep_minor_cross
D:2:      layout_basic, basic_altar, serial_forest, infiniplex_forest_zigzag_1,
          infiniplex_forest_end_1, infiniplex_forest_clump_medium,
          infiniplex_forest_clump_diagonal, infiniplex_forest_clump_double,
          infiniplex_forest_straight_3, infiniplex_forest_lined_3_way,
          infiniplex_forest_straight_2, grunt_decor_junction
D:3:      layout_loops_ring, mainiacjoe_overflow_boulevard
D:4:      layout_rooms, tso_metal_star, kennysheep_slug_shrine,
          lemuel_flame_loot_1
D:5:      layout_basic, nicolae_overflow_crystal_walls
D:6:      layout_basic, serial_corexii_hall, chequers_hall_statues_wall_a,
          corexii_hall_statues_x

Skill      XL: |  1  2  3  4  5  6  7 |
---------------+----------------------+-----
Armour         | 4 5 6 |  6.0
Fighting       | 4 5 |  5.6
Shields        | 4 |  4.2
Axes           | 3 4 5 6 |  6.9
Dodging        | |  0.9
Stealth        | |  0.8

Action                   |  1- 3 |  4- 6 |  7- 9 || total
-------------------------+-------+-------+-------++-------
Melee: War axe           |   130 |    65 |    22 ||   217
       Headbutt          |    33 |     8 |     3 ||    44
  Use: Scroll            |       |     3 |       ||     3
       Potion            |       |       |     2 ||     2
Armor: Scale mail        |    22 |    20 |       ||    42
       Chain mail        |       |    17 |     6 ||    23
       Skin              |       |       |     1 ||     1
Dodge: Dodged            |    31 |    32 |     4 ||    67
Block: Buckler           |    15 |    15 |     5 ||    35
